 Dungeon Crawl Stone Soup version 0.31.0-9-g3a7656b989 (webtiles) character file.

Game seed: 728462129395877031

2967 Eitelfritz the Carver (level 9, 0/71 (78) HPs)
             Began as a Minotaur Gladiator on Jan 26, 2024.
             Was an Initiate of Okawaru.
             Slain by a vampire (7 damage)
             ... on level 9 of the Dungeon.
             The game lasted 00:14:38 (7521 turns).

Eitelfritz the Carver (Minotaur Gladiator)          Turns: 7521, Time: 00:14:40

HP:   0/71 (78)     AC: 16    Str: 18    XL:     9   Next: 52%
MP:   8/8           EV: 10    Int:  9    God:    Okawaru [......]
Gold: 458           SH:  0    Dex: 13    Spells: 8/8 levels left

rFire   . . .        a - +0 scimitar
rCold   . . .        (no shield)
rNeg    . . .        l - +0 chain mail
rPois   .            c - +0 hat
rElec   .            H - +2 cloak
rCorr   .            p - +0 pair of gloves
SInv    .            h - +0 pair of boots
Will    .....        (no amulet) Stlth
                     (no ring)
HPRegen 0.31/turn    (no ring)
MPRegen 0.11/turn

%: no passive effects
@: studying Long Blades, drained
A: horns 2, retaliatory headbutt
a: Renounce Religion


You were on level 9 of the Dungeon.
You worshipped Okawaru.
Okawaru was noncommittal.
You visited 2 branches of the dungeon, and saw 10 of its levels.

You collected 458 gold pieces.

Inventory:

Hand Weapons
 a - a +0 scimitar (weapon)
 b - a +0 shortbow
 w - a +0 flail
 I - a +0 long sword
Missiles
 d - 3 throwing nets (quivered)
 e - a javelin
 i - 15 poisoned darts
 m - 6 silver javelins
 A - a curare-tipped dart
 J - 3 boomerangs
Armour
 c - a +0 hat (worn)
 h - a +0 pair of boots (worn)
 l - a +0 chain mail (worn)
 o - a +0 plate armour
 p - a +0 pair of gloves (worn)
 H - a +2 cloak (worn)
Jewellery
 s - an amulet of regeneration
 y - a ring of fire
Wands
 j - a wand of flame (27)
 v - a wand of mindburst (1)
 D - a wand of roots (7)
Scrolls
 x - 3 scrolls of poison
 E - a scroll of fear
 F - a scroll of teleportation
Potions
 f - a potion of enlightenment {unknown}
 k - a potion of resistance {unknown}
 n - 3 potions of mutation
 q - 2 potions of brilliance
 r - 2 potions of berserk rage
 t - a potion of ambrosia {unknown}
 u - 2 potions of haste
 z - 2 potions of cancellation {unknown}
 B - a potion of degeneration {unknown}
 C - 3 potions of invisibility {unknown}
 G - 3 potions of curing


   Skills:
 + Level 6.8 Fighting
 + Level 11.0 Long Blades
 + Level 0.7 Ranged Weapons
 + Level 2.1 Throwing
 + Level 7.9 Armour
 + Level 5.4 Dodging
 + Level 1.1 Stealth
 * Level 3.0 Unarmed Combat


You had 8 spell levels left.
You didn't know any spells.
Your spell library contained the following spells:

 Spells                   Type           Power      Damage    Failure   Level
 Slow                     Hex            0%         N/A       96%         1
 Lesser Beckoning         Tloc           0%         N/A       99%         2
 Confusing Touch          Hex            0%         N/A       100%        3
 Gell's Gravitas          Tloc           0%         N/A       100%        3
 Inner Flame              Hex/Fire       0%         N/A       100%        3
 Sigil of Binding         Hex            0%         N/A       100%        3
 Teleport Other           Tloc           0%         N/A       100%        3
 Vampiric Draining        Necr           0%         2d6       100%        3
 Passage of Golubria      Tloc           0%         N/A       100%        4
 Irradiate                Conj/Alch      0%         3d11      100%        5
 Yara's Violent Unravell  Hex/Alch       0%         3d3       100%        5
 Ignition                 Fire           0%         3d3       100%        8
 Summon Ice Beast         Ice/Summ       Unusable   N/A       N/A         3
 Tukima's Dance           Hex            Unusable   N/A       N/A         3
 Summon Mana Viper        Hex/Summ       Unusable   N/A       N/A         5
 Monstrous Menagerie      Summ           Unusable   N/A       N/A         7

Dungeon Overview and Level Annotations

Branches:
Dungeon (9/15)             Temple (1/1) D:4
   Lair: D:8-11         Orc: D:9-12

Altars:
Ashenzari
Cheibriados
Dithmenos
Elyvilon
Fedhas
Gozag
Hepliaklqana
Kikubaaqudgha
Okawaru
Qazlal
Ru
Sif Muna
Trog
Uskayaw
Vehumet
Yredelemnul
The Shining One

Shops:
D:2 :   D:5 =


Innate Abilities, Weirdness & Mutations

You have a pair of horns on your head.
You reflexively headbutt those who attack you in melee.


Message History

The vampire draws strength from your injuries!
The wight hits you with a +2 falchion.
* * * LOW HITPOINT WARNING * * *
The wight closely misses you.
You feel much better. The wight hits you but does no damage.
The vampire hits you but does no damage.
The vampire closely misses you. The wight hits you but does no damage.
You slash the wight!
You destroy the wight!
Okawaru accepts your kill. The wight hits you but does no damage.
The vampire barely misses you. x2
Your Unarmed Combat skill increases to level 3!
You hit the vampire but do no damage.
You headbutt the vampire, but do no damage.
The vampire is moderately damaged.
The wight hits you from afar with a +4 trident.
You feel drained. The vampire barely misses you. You furiously retaliate!
You headbutt the vampire! The vampire bites you.
The vampire draws strength from your injuries!
You closely miss the vampire. Your headbutt misses the vampire.
The vampire is moderately damaged.
The wight hits you from afar with a +4 trident.
* * * LOW HITPOINT WARNING * * *
The vampire closely misses you.
The vampire bites you but does no damage.
Unknown command.
You closely miss the vampire. Your headbutt misses the vampire.
The vampire is moderately damaged.
The wight hits you but does no damage. The vampire hits you.
* * * LOW HITPOINT WARNING * * *
The vampire bites you!
* * * LOW HITPOINT WARNING * * *
The vampire draws strength from your injuries!
You feel better.
The wight hits you from afar with a +4 trident.
* * * LOW HITPOINT WARNING * * *
You feel drained.
* * * LOW HITPOINT WARNING * * *
The vampire hits you!
You die...

#.# #.# #.# #.#
#.# ###.#####
#)).....#
##<#.###.#####.
#.[...V@.z.!...
#..#.).).......
#..#.)##.##.###
#..#?.# .# .#
#...... .#
#.###...#. #.
##.... #. ..#.#
..#..


You could see a vampire and a wight.

Vanquished Creatures
  3 orc warriors
  2 ice beasts
  2 black bears
  A centaur (D:7)
  2 phantoms
  2 kobold brigands
  2 bullfrogs
  5 scorpions
  2 water moccasin zombies (D:5)
  2 wights (D:9)
  2 water moccasin skeletons (D:5)
  8 killer bees
  A howler monkey (D:6)
  2 bombardier beetles (D:5)
  A centaur zombie (D:5)
  A jelly (D:4)
  6 iguanas
  7 orc priests
  A gnoll bouda (D:7)
  Jessica (D:2)
  A hound zombie (D:5)
  A howler monkey zombie (D:5)
  5 gnolls
  4 adders
  A shadow imp (D:7)
  A white imp (D:6)
  6 ufetubi (D:6)
  2 dart slugs
  2 ribbon worms
  18 orcs
  10 ball pythons
  8 endoplasms
  5 giant cockroaches
  8 goblins
  13 hobgoblins
  3 jackals (D:3)
  14 kobolds
  8 quokkas
  4 bats
  5 frilled lizards
  4 rats
176 creatures vanquished.

Notes
Turn   | Place    | Note
-------+----------+-------------------------------------------
     0 | D:1      | Eitelfritz the Minotaur Gladiator began the quest for the
                  | Orb.
     0 | D:1      | Reached XP level 1. HP: 18/18 MP: 0/0
    73 | D:1      | Reached XP level 2. HP: 25/25 MP: 1/1
   218 | D:1      | Reached skill level 4 in Long Blades
   450 | D:1      | Reached XP level 3. HP: 24/30 MP: 2/2
   572 | D:2      | Noticed Jessica
   580 | D:2      | Killed Jessica
   581 | D:2      | Reached skill level 1 in Armour
   582 | D:2      | Reached XP level 4. HP: 23/37 MP: 3/3
   965 | D:2      | Found a white marble altar of Elyvilon.
  1100 | D:2      | Found Wylom's Vocational Training.
  1767 | D:3      | Found a faded altar of an unknown god.
  1773 | D:3      | Reached XP level 5. HP: 37/45 MP: 4/4
  1785 | D:3      | Reached skill level 5 in Long Blades
  2359 | D:3      | Found a stormy altar of Qazlal.
  2359 | D:3      | Found a broken altar of Ashenzari.
  2366 | D:3      | Found a faded altar of an unknown god.
  2368 | D:3      | Found a hide-covered altar of Uskayaw.
  2369 | D:3      | Found a faded altar of an unknown god.
  2779 | D:4      | Found a staircase to the Ecumenical Temple.
  2789 | Temple   | Entered the Ecumenical Temple
  3232 | D:5      | Entered Level 5 of the Dungeon
  3233 | D:5      | Noticed a phantom
  3252 | D:4      | Killed a phantom
  3253 | D:4      | Reached skill level 6 in Long Blades
  3253 | D:4      | Reached XP level 6. HP: 36/51 MP: 5/5
  3447 | D:5      | Reached XP level 7. HP: 59/59 MP: 6/6
  3617 | D:5      | Reached skill level 7 in Long Blades
  3803 | D:5      | Reached skill level 8 in Long Blades
  3816 | D:5      | Reached skill level 5 in Armour
  3902 | D:5      | Found Foillog's Jewellery Shop.
  3934 | D:5      | Reached XP level 8. HP: 52/67 MP: 7/7
  3945 | D:5      | Reached skill level 5 in Fighting
  4201 | D:6      | Found a radiant altar of Vehumet.
  4225 | D:6      | Reached skill level 9 in Long Blades
  4225 | D:6      | Reached skill level 5 in Dodging
  4649 | D:6      | Reached skill level 1 in Unarmed Combat
  4735 | D:6      | Found a white marble altar of Elyvilon.
  4890 | D:6      | Reached skill level 10 in Long Blades
  5181 | D:7      | Found an opulent altar of Gozag.
  5604 | D:6      | Reached XP level 9. HP: 41/75 MP: 8/8
  5777 | D:7      | Reached skill level 1 in Stealth
  6625 | D:7      | Identified the +2 leather armour of the Comet {rC+ Str+4}
  6687 | D:7      | Found an iron altar of Okawaru.
  6698 | D:7      | Became a worshipper of Warmaster Okawaru
  7145 | D:8      | Reached skill level 11 in Long Blades
  7288 | D:8      | Reached * piety under Okawaru
  7521 | D:9      | Slain by a vampire

Illustrated notes

Levels and vault maps discovered:
D:1:      onia_arrival_mini_spirals, layout_rooms
D:2:      minmay_spotlight, layout_loops_cross, basic_altar,
          nicolae_shop_vocational, uniq_jessica
D:3:      layout_basic, chequers_temple_overflow_minitemple,
          ebering_ecumenical_altar_mist, corexii_shack
D:4:      layout_basic, minmay_temple_entry_grid
D:5:      layout_rooms, serial_undead, serial_undead_e, serial_undead_b,
          serial_undead_e, serial_undead_d, serial_shops, kennysheep_little_box,
          eino_small_chamber_without_monster
D:6:      layout_cave_pools, vehumet_altar_wand_db,
          lemuel_coloured_pillars_altar
D:7:      layout_basic, grunt_gozag_statues, kennysheep_okawaru_gauntlet
D:8:      layout_cave_pools
D:9:      layout_loops_ring, lemuel_round_altar, general_overflow_altar,
          lightli_temple_of_fire, serial_shops, shop,
          kennysheep_cross_bottleneck, minmay_misc_feat_chi,
          grunt_ministairs_12, minivault_5, serial_bayou_ford_a
Temple:   eino_wide_crystal_templ

Skill      XL: |  1  2  3  4  5  6  7  8  9 |
---------------+----------------------------+-----
Long Blades    | 4 6 8 10 11 | 11.0
Dodging        | 4 5 |  5.4
Armour         | 1 2 3 5 6 7 |  7.9
Fighting       | 3 4 6 |  6.8
Unarmed Combat | 1 3 |  3.0
Stealth        | 1 |  1.1
Ranged Weapons | |  0.7
Throwing       | |  2.1

Action                     |  1- 3 |  4- 6 |  7- 9 || total
---------------------------+-------+-------+-------++-------
  Melee: Long sword        |    42 |   191 |   258 ||   491
         Headbutt          |     9 |    29 |    61 ||    99
         Punch             |       |       |    11 ||    11
         Scimitar          |       |       |    66 ||    66
   Fire: Shortbow          |       |       |     8 ||     8
 Invoke: Heroism           |       |       |     1 ||     1
    Use: Scroll            |       |     7 |     8 ||    15
         Potion            |       |       |     4 ||     4
 Armour: Leather armour    |    48 |       |       ||    48
         Chain mail        |       |   154 |   404 ||   558
  Dodge: Dodged            |    50 |   119 |   228 ||   397
